 Dungeon Crawl Stone Soup version 0.30-a0-12-gd8047c6341 (webtiles) character file.

Game seed: 2381038117195748328

22073 Zonian the Green Death (level 12, -3/64 HPs)
             Began as a Spriggan Brigand on Aug 23, 2022.
             Was a High Priest of Fedhas.
             Slain by a yak (11 damage)
             ... on level 3 of the Lair of Beasts.
             The game lasted 00:46:09 (17431 turns).

Zonian the Green Death (Spriggan Brigand)          Turns: 17431, Time: 00:46:16

Health: -3/64      AC: 10    Str:  7    XL:     12   Next: 59%
Magic:  0/21       EV: 26    Int: 12    God:    Fedhas [*****.]
Gold:   578        SH:  0    Dex: 28    Spells: 11/11 levels left

rFire   + . .      SeeInvis +    h - +4 dagger (venom)
rCold   . . .      Faith    .    w - +3 buckler {AC+3}
rNeg    . . .      Spirit   +    R - +1 steam dragon scales
rPois   .          Reflect  .    (helmet restricted)
rElec   .          Harm     .    c - +0 cloak
rCorr   .          Rampage  .    (gloves unavailable)
Will    ++...                    (boots unavailable)
Stlth   ++........               J - amulet of guardian spirit
HPRegen 0.20/turn                O - +6 ring of dexterity
MPRegen 0.17/turn                S - ring of protection from fire

@: confused, very quick
A: very small, no large weapons, unfitting armour, see invisible, speed 3
a: Renounce Religion, Wall of Briars, Grow Ballistomycete, Overgrow, Grow Oklob


You were on level 3 of the Lair of Beasts.
You worshipped Fedhas.
Fedhas was extremely pleased with you.
You visited 2 branches of the dungeon, and saw 13 of its levels.

You collected 926 gold pieces.
You spent 348 gold pieces at shops.

Inventory:

Hand Weapons
 a - a +2 dagger
 h - a +4 dagger of venom (weapon)
 B - a +3 dagger
 F - a +0 short sword of distortion
 H - a +1 hand axe of flaming
 K - a +1 dagger of flaming
 L - a +0 mace of holy wrath
 M - the +2 long sword of the Feral God {drain, rC+}
   (You found it on level 7 of the Dungeon)

   A truly terrible weapon, it drains the life of any living foe it strikes.
   rC:        It protects you from cold.
 Q - a +3 falchion
 T - a +0 rapier of freezing
 Y - the +7 mace of Eternal Vigilance {vorpal, Str+5}
   (You found it on level 9 of the Dungeon)

   It inflicts extra damage upon your enemies.
   Str:       It affects your strength (+5).
Missiles
 d - 55 poisoned darts (quivered)
 e - 10 curare-tipped darts
 E - 4 throwing nets
 G - 7 boomerangs
Armour
 c - a +0 cloak (worn)
 v - a scarf of invisibility
 w - a +3 buckler of protection (worn)
 R - +1 steam dragon scales (worn)
Jewellery
 g - an amulet of regeneration
 z - a ring of wizardry
 A - an amulet of the acrobat
 C - a ring of protection from fire
 J - an amulet of guardian spirit (around neck)
 O - a +6 ring of dexterity (left hand)
 S - a ring of protection from fire (right hand)
 W - a ring of positive energy
Wands
 f - a wand of quicksilver (11)
 i - a wand of iceblast (10)
 l - a wand of digging (3)
 m - a wand of polymorph (4)
 D - a wand of charming (13)
 U - a wand of flame (19)
 Z - a wand of mindburst (4)
Scrolls
 p - 4 scrolls of fear
 y - a scroll of teleportation
 I - 2 scrolls of fog
Potions
 j - 2 potions of lignification
 k - 2 potions of magic
 n - 4 potions of attraction
 o - 6 potions of might
 q - 4 potions of heal wounds
 r - a potion of ambrosia
 s - 7 potions of cancellation
 t - 2 potions of invisibility
 u - 7 potions of curing
 x - 3 potions of haste
 N - a potion of flight {unknown}
 P - a potion of experience {unknown}
 V - 4 potions of mutation
 X - 2 potions of brilliance {unknown}


   Skills:
 - Level 8.0 Fighting
 - Level 10.0 Short Blades
 - Level 3.0 Throwing
 - Level 8.8 Dodging
 - Level 9.1 Stealth
 - Level 4.0 Shields
 + Level 11.4 Invocations
 + Level 10.8 Evocations


You had 11 spell levels left.
You didn't know any spells.
Your spell library contained the following spells:

 Spells                   Type           Power      Damage    Failure   Level
 Foxfire                  Conj/Fire      0%         2x1d4     54%         1
 Sandblast                Erth           0%         2d4       54%         1
 Passwall                 Tmut/Erth      0%         N/A       69%         2
 Scorch                   Fire           0%         2d5       69%         2
 Confusing Touch          Hex            0%         N/A       89%         3
 Conjure Flame            Conj/Fire      0%         6-21      89%         3
 Ignite Poison            Fire/Tmut/Pois 0%         N/A       89%         3
 Inner Flame              Hex/Fire       0%         N/A       89%         3
 Ozocubu's Armour         Ice            0%         N/A       89%         3
 Stone Arrow              Conj/Erth      0%         3d7       89%         3
 Animate Armour           Summ/Erth      0%         N/A       100%        4
 Flame Wave               Conj/Fire      0%         2d4       100%        4
 Sticky Flame             Conj/Fire      0%         2d3       100%        4
 Yara's Violent Unravell  Hex/Tmut       0%         3d3       100%        5
 Summon Cactus Giant      Summ           0%         N/A       100%        6
 Enfeeble                 Hex            0%         N/A       100%        7


Dungeon Overview and Level Annotations

Branches:
Dungeon (10/15)            Temple (0/1) D:5            Lair (3/5) D:10
  Swamp (0/4) Lair:2        Snake (0/4) Lair:2          Orc (0/2) D:9

Altars:
Cheibriados
Fedhas
Hepliaklqana
Qazlal
Ru
Sif Muna
Trog
Uskayaw
Xom
Zin

Shops:
D:10 *

Annotations:
D:3 Grinder, Natasha, Sigmund
Lair:3 Gastronok


Innate Abilities, Weirdness & Mutations

You are very small and have problems with some larger weapons.
You are too small for most types of armour.
You have supernaturally acute eyesight. (SInv)
You cover ground extremely quickly. (Speed+++)


Message History

Fedhas protects your plant from harm. x2
The yak gores you. The yak closely misses you.
The yak gores your ballistomycete spore!
You block the yak's attack.
A ballistomycete spore comes into view.
You hit the yak.
The yak is poisoned.
The yak is moderately wounded.
Your ballistomycete spore explodes!
Fedhas protects your plant from harm. The explosion of spores engulfs you!!
You are confused.
The yak appears confused.
The explosion of spores engulfs the yak!!
You kill the yak!
Fedhas appreciates your contribution to the ecosystem.
You can now grow an oklob plant.
Fedhas protects your plant from harm.
The yak appears confused.
The explosion of spores engulfs the yak!
The yak is severely wounded.
Fedhas protects your plant from harm. The yak misses you.
The yak completely misses you. The yak misses you.
Unknown command.
The yak closely misses you. The yak completely misses you.
The yak gores the yak.
A ballistomycete spore comes into view.
You feel less confused.
Your ballistomycete spore explodes!
Fedhas protects your plant from harm. x2
The explosion of spores engulfs you!!
You are confused.
* * * LOW HITPOINT WARNING * * *
Fedhas protects your plant from harm.
The yak appears confused.
The explosion of spores engulfs the yak!!
You kill the yak!
Fedhas appreciates your contribution to the ecosystem.
Fedhas protects your plant from harm. The yak gores you!
You die...
Fedhas appreciates your contribution to the ecosystem.

### ################# ##
.P###.....P.##.#..#.##...
...............Y.........
.........................
#.............†..........
#...........#.P†@Y.[.....
#............#*PfY.......
.............#P###.......
#...#...#....## ....)#.
...P#######..# ...###
...## ..## ...# ..# ...#
..# ....#


You could see 3 yaks, a friendly wandering mushroom (summoned), a friendly
burning bush (summoned), a friendly ballistomycete (summoned), a friendly oklob
sapling (summoned) and a friendly ballistomycete spore.

Vanquished Creatures
  Harold (D:9)
  A catoblepas (Lair:3)
  A two-headed ogre (D:9)
  Sonja (Lair:2)
  2 bog bodies (Lair:2)
  Pikel (D:5)
  A cyclops (D:7)
  5 black mambas
  Maurice (D:8)
  A torpor snail (Lair:2)
  4 cane toads
  A gargoyle (D:10)
  A rime drake (Lair:1)
  An unseen horror (D:7)
  Maggie (D:8)
  5 komodo dragons
  2 trolls
  A slime creature (Lair:2)
  3 dream sheep (Lair:2)
  17 yaks
  A wraith (D:10)
  3 basilisks
  A steam dragon (D:8)
  3 nagas (Lair:2)
  Edmund (D:6)
  12 water moccasins
  2 black bears (D:6)
  12 orc warriors
  A sky beast (D:8)
  4 ogres
  3 centaurs
  4 lemures (D:5)
  7 kobold brigands
  A phantom (D:4)
  Blork the orc (D:5)
  11 bullfrogs
  A necrophage (D:5)
  3 gnoll sergeants
  3 scorpions
  5 wights
  4 killer bees (D:8)
  3 howler monkeys (D:7)
  4 hounds
  2 orc priests
  2 jellies
  A gnoll bouda (D:5)
  Jessica (D:3)
  5 iguanas
  2 orc wizards
  8 adders
  13 gnolls
  2 white imps
  5 ufetubi
  A worm (D:2)
  3 dart slugs
  52 orcs
  5 ball pythons
  7 bats
  10 endoplasms
  3 giant cockroaches
  12 goblins
  9 hobgoblins
  10 jackals
  4 quokkas
  3 frilled lizards (D:1)
  19 kobolds
  6 rats
326 creatures vanquished.

Vanquished Creatures (collateral kills)
  A black mamba (Lair:2)
  A dream sheep (Lair:2)
  2 yaks (Lair:3)
  2 water moccasins
  2 black bears (Lair:2)
  A bullfrog (Lair:2)
  A killer bee (D:8)
  5 jellies (Lair:2)
  An orc wizard (D:4)
  9 endoplasms (Lair:2)
  6 ballistomycete spores (Lair:3)
31 creatures vanquished.

Vanquished Creatures (others)
  A killer bee (D:8)
  A bush (Lair:3)
  17 fungi
  32 plants
51 creatures vanquished.

Grand Total: 408 creatures vanquished

Notes
Turn   | Place    | Note
-------+----------+-------------------------------------------
     0 | D:1      | Zonian the Spriggan Brigand began the quest for the Orb.
     0 | D:1      | Reached XP level 1. HP: 10/10 MP: 2/2
   349 | D:1      | Reached XP level 2. HP: 15/15 MP: 3/3
  1300 | D:1      | Reached XP level 3. HP: 18/18 MP: 4/4
  1617 | D:2      | Found a faded altar of an unknown god.
  1633 | D:2      | Prayed at the altar of an unknown god.
  1633 | D:2      | Became a worshipper of Fedhas Madash
  1633 | D:2      | Reached * piety under Fedhas
  2229 | D:2      | Reached XP level 4. HP: 23/23 MP: 5/5
  2328 | D:2      | Reached ** piety under Fedhas
  2431 | D:3      | Noticed Jessica
  2437 | D:3      | Killed Jessica
  2442 | D:3      | Noticed Grinder
  2691 | D:3      | Noticed Natasha
  2745 | D:3      | Noticed Sigmund
  2992 | D:3      | Reached XP level 5. HP: 26/26 MP: 6/6
  3155 | D:4      | Noticed a +0 dagger
  3155 | D:4      | Noticed a +0 falchion
  3155 | D:4      | Noticed a +0 spear
  3155 | D:4      | Noticed a +0 short sword
  3156 | D:4      | Noticed a phantom
  3156 | D:4      | Noticed a +0 spear
  3157 | D:4      | Noticed a +0 dagger
  3158 | D:4      | Found a hide-covered altar of Uskayaw.
  3158 | D:4      | Noticed a +0 short sword
  3158 | D:4      | Noticed a +0 falchion
  3207 | D:4      | Killed a phantom
  3291 | D:4      | Reached XP level 6. HP: 32/32 MP: 7/7
  3593 | D:4      | Reached skill level 1 in Shields
  4318 | D:5      | Entered Level 5 of the Dungeon
  4318 | D:5      | Found a staircase to the Ecumenical Temple.
  4328 | D:5      | Reached XP level 7. HP: 36/36 MP: 8/8
  4375 | D:5      | Reached *** piety under Fedhas
  4869 | D:5      | Noticed Pikel
  5127 | D:4      | Reached skill level 5 in Dodging
  5440 | D:5      | Reached skill level 5 in Short Blades
  5444 | D:5      | Noticed Blork the orc
  5614 | D:5      | Killed Blork the orc
  5615 | D:5      | Reached XP level 8. HP: 28/42 MP: 9/9
  5688 | D:5      | Killed Pikel
  6226 | D:6      | Noticed Edmund
  6277 | D:6      | Killed Edmund
  6851 | D:6      | Reached XP level 9. HP: 38/46 MP: 10/10
  6901 | D:6      | Found a shimmering altar of Xom.
  6901 | D:6      | Found a shimmering blue altar of Sif Muna.
  6901 | D:6      | Found a sacrificial altar of Ru.
  6901 | D:6      | Found a snail-covered altar of Cheibriados.
  6942 | D:6      | Reached skill level 5 in Fighting
  6944 | D:6      | Found a glowing silver altar of Zin.
  6944 | D:6      | Found a stormy altar of Qazlal.
  7467 | D:7      | Identified the +2 long sword of the Feral God {drain, rC+}
  7725 | D:7      | Noticed an unseen horror
  7726 | D:7      | Noticed a cyan ugly thing
  7744 | D:7      | Reached **** piety under Fedhas
  7779 | D:7      | Killed an unseen horror
  7986 | D:7      | Noticed a cyclops
  7993 | D:7      | Noticed a two-headed ogre
  8031 | D:7      | Killed a cyclops
  8041 | D:7      | Found a hazy altar of Hepliaklqana.
  8658 | D:8      | Noticed Maggie
  8682 | D:8      | Killed Maggie
  8722 | D:8      | Reached XP level 10. HP: 52/55 MP: 11/11
  8823 | D:8      | Reached ***** piety under Fedhas
  8885 | D:8      | Noticed Maurice
  8947 | D:8      | Killed Maurice
  9675 | D:8      | Reached skill level 10 in Short Blades
  9702 | D:8      | Noticed a two-headed ogre
  9908 | D:8      | Identified the +2 pair of boots of the Lizard {rElec Dex+2}
 10245 | D:9      | Reached skill level 1 in Invocations
 10298 | D:9      | Noticed Harold
 10315 | D:9      | Noticed a two-headed ogre
 10318 | D:9      | Identified the +7 mace of Eternal Vigilance {vorpal, Str+5}
 10353 | D:9      | Reached skill level 2 in Invocations
 10381 | D:9      | Found a staircase to the Orcish Mines.
 10412 | D:9      | Reached skill level 3 in Invocations
 10780 | D:9      | Killed a two-headed ogre
 10781 | D:9      | Reached skill level 4 in Invocations
 10804 | D:9      | Found a bloodstained altar of Trog.
 10987 | D:9      | Killed Harold
 10988 | D:9      | Reached skill level 5 in Invocations
 10988 | D:9      | Reached XP level 11. HP: 60/60 MP: 14/16
 11072 | D:9      | Reached skill level 6 in Invocations
 11550 | D:10     | Entered Level 10 of the Dungeon
 11600 | D:10     | Found Taasi's General Store.
 11609 | D:10     | Bought the Incunable of Snow and the Mountains for 180 gold
                  | pieces
 11609 | D:10     | Bought a wand of digging (4) for 168 gold pieces
 11730 | D:10     | Reached skill level 7 in Invocations
 12141 | D:10     | Found a staircase to the Lair.
 12617 | Lair:1   | Entered Level 1 of the Lair of Beasts
 12671 | D:10     | Reached skill level 8 in Invocations
 13041 | Lair:1   | Reached skill level 5 in Evocations
 13315 | Lair:1   | Reached skill level 9 in Invocations
 14234 | Lair:2   | Found a staircase to the Snake Pit.
 14419 | Lair:2   | Reached XP level 12. HP: 53/64 MP: 12/20
 14672 | Lair:2   | Reached skill level 10 in Invocations
 14755 | Lair:2   | Noticed Sonja
 14761 | Lair:2   | Killed Sonja
 14797 | Lair:2   | Found a staircase to the Swamp.
 16757 | Lair:3   | Noticed a catoblepas
 16810 | Lair:3   | Killed a catoblepas
 16811 | Lair:3   | Reached skill level 10 in Evocations
 17086 | Lair:3   | Reached skill level 11 in Invocations
 17168 | Lair:3   | Noticed Gastronok
 17431 | Lair:3   | Slain by a yak

Illustrated notes

Levels and vault maps discovered:
D:1:      dpeg_arrival_shelter, layout_basic
D:2:      layout_basic, ebering_ecumenical_altar_rust
D:3:      layout_loops_ring, kennysheep_cross_bottleneck, uniq_natasha,
          uniq_jessica, uniq_sigmund, uniq_grinder
D:4:      layout_basic, nicolae_uskayaw_en_pointe, kennysheep_generic_room_11
D:5:      layout_cave_pools, minmay_temple_entry_statues_pillars,
          hangedman_decor_peaks_small, hex_medium, minivault_26,
          nrook_loot_triangle, uniq_blork_the_orc, uniq_pikel
D:6:      layout_loops_corners, minmay_overflow_temple_hex,
          minmay_crystal_water, hangedman_abyss_or_decor_jellyfish_corner,
          uniq_edmund
D:7:      layout_gridville, lemuel_tele_altar, enter_bailey_5, kb_rosetta
D:8:      layout_loops_ring, special_room [special_room_orc],
          minmay_starry_boxes, uniq_maurice, uniq_maggie
D:9:      layout_basic, lightli_temple_of_fire,
          kennysheep_orc_monster_closet_entryway, dk_noncrumbling_2, uniq_harold
D:10:     layout_roguey, david_lair_shrubbed, serial_shops,
          nicolae_shop_advertising_works [nicolae_subvault_shop_adworks]
Lair:1:   layout_hall_layers
Lair:2:   lemuel_slime, layout_cave_pods, skrybe_swamp_entry_bodies,
          minmay_snake_entry_guardpost_small, minmay_lindwurm_lava, uniq_sonja
Lair:3:   layout_chaotic_city, chequers_serial_rivers_room_b,
          infiniplex_staircase_pool_2, uniq_gastronok

Skill      XL: |  1  2  3  4  5  6  7  8  9 10 11 12 |
---------------+-------------------------------------+-----
Stealth        | 6 7 8 9 |  9.1
Dodging        | 2 3 4 5 7 8 |  8.8
Fighting       | 2 3 4 7 8 |  8.0
Short Blades   | 3 4 5 6 8 10 | 10.0
Throwing       | 3 |  3.0
Shields        | 1 2 3 4 |  4.0
Invocations    | 5 9 11 | 11.4
Evocations     | 7 10 | 10.8

Action                   |  1- 3 |  4- 6 |  7- 9 | 10-12 || total
-------------------------+-------+-------+-------+-------++-------
Melee: Dagger            |   133 |   177 |   448 |   898 ||  1656
       Punch             |     1 |       |       |       ||     1
       Mace              |       |       |     6 |    48 ||    54
Throw: Dart              |       |       |       |     2 ||     2
Invok: Wall of Briars    |       |     1 |     1 |    16 ||    18
       Grow Ballistomyce |       |       |       |     2 ||     2
       Overgrow          |       |       |       |     1 ||     1
Evoke: Wand              |       |     2 |     4 |    27 ||    33
  Use: Scroll            |       |    14 |     4 |    11 ||    29
       Potion            |       |       |       |     2 ||     2
 Stab: Sleeping          |    14 |    11 |    11 |    19 ||    55
       Distracted        |     1 |       |     3 |     2 ||     6
Armor: Robe              |    12 |    22 |    33 |       ||    67
       Steam dragon scal |       |       |       |    46 ||    46
Dodge: Dodged            |    90 |    96 |   257 |   404 ||   847
Block: Buckler           |       |    22 |   150 |   305 ||   477

Table legend: (Time is in decaauts)
 A = Elapsed time spent in this place.
 B = Non-inter-level travel time spent in this place.
 C = Inter-level travel time spent in this place.
 D = Time resting spent in this place.
 E = Time spent auto-exploring this place.
 F = Levels seen in this place.
 G = Mean time per level.
                   A        B        C        D        E       F      G
               +--------+--------+--------+--------+--------+-----+--------+
         Total |  13351 |  12968 |    383 |   4798 |   4426 |  13 | 1027.0 |
       Dungeon |   9440 |   9094 |    346 |   2720 |   3490 |  10 |  944.0 |
          Lair |   3910 |   3873 |     37 |   2078 |    936 |   3 | 1303.3 |
               +--------+--------+--------+--------+--------+-----+--------+

Top non-repeatable levels by time:
  Lair:2: 2365 daAuts
     D:8: 1373 daAuts
     D:1: 1179 daAuts
     D:5: 1127 daAuts
     D:4: 1072 daAuts
    D:10: 936 daAuts
  Lair:1: 901 daAuts
     D:6: 836 daAuts
     D:7: 810 daAuts
     D:3: 766 daAuts
     D:9: 713 daAuts
  Lair:3: 643 daAuts
     D:2: 623 daAuts
